TOP OF THE 1ST |
Westwood Sixshooters batting - Pitching for Ottawa Nationals : RHP Pedro Romero
|
Pitching: RHP Pedro Romero
|
|
Batting: RHB Jorge Morales
|
0-0: Ball 1-0: Ball 2-0: Ball 3-0: Called Strike 3-1: Base on Balls
|
Batting: RHB Jason Boyer
|
0-0: Foul Ball, location: 2F 0-1: Ball 1-1: Ball 2-1: Fly out, F8 (Flyball, 8LM)
|
Batting: LHB Davis Mills
|
0-0: Called Strike 0-1: Ball 1-1: Foul Ball, location: 2F 1-2: Ball 2-2: Strikes out swinging
|
Batting: LHB José Martínez
|
0-0: Ball 1-0: Fly out, F4 (Popup, 4D)
|
Top of the 1st over - 0 run(s), 0 hit(s), 0 error(s), 1 left on base; Westwood 0 - Ottawa 0 |
BOTTOM OF THE 1ST |
Ottawa Nationals batting - Pitching for Westwood Sixshooters : RHP Bryan Boyd
|
Pitching: RHP Bryan Boyd
|
|
Batting: RHB Michael Peterson
|
0-0: Called Strike 0-1: Foul Ball, location: 2F 0-2: Ball 1-2: Ground out 5-3 (Groundball, 56S)
|
Batting: RHB Barry Welch
|
0-0: Ball 1-0: Swinging Strike 1-1: DOUBLE (Flyball, 8RM)
|
Batting: RHB Jesús Soto
|
0-0: Swinging Strike 0-1: Ball 1-1: Ball 2-1: Called Strike 2-2: Reached on error, E6 (Groundball, 6M) Barry Welch to third
|
Batting: RHB EP Weston
|
0-0: Called Strike 0-1: Ball 1-1: Fly out, F8 (Flyball, 8LM) Runner from 3rd tags up, SCORES, throw made
|
Batting: RHB Dan Holliday
|
0-0: Called Strike 0-1: Fly out, F4 (Popup, 4)
|
Bottom of the 1st over - 1 run(s), 1 hit(s), 1 error(s), 1 left on base; Westwood 0 - Ottawa 1 |
TOP OF THE 2ND |
Westwood Sixshooters batting - Pitching for Ottawa Nationals : RHP Pedro Romero
|
Batting: SHB Arnold Smith
|
0-0: SINGLE (Line Drive, 6MD)
|
Batting: RHB Richard Hicks
|
0-0: Ball 1-0: Called Strike 1-1: SINGLE (Line Drive, 6MD) Arnold Smith to second
|
Batting: RHB Winston Sparks
|
0-0: Ball 1-0: Fly out, F7 (Flyball, 78S)
|
Batting: RHB Nelson Abbey
|
0-0: Ball 1-0: Ball 2-0: Ball 3-0: Base on Balls Arnold Smith to third Richard Hicks to second
|
Batting: RHB Pedro Cortés
|
0-0: Called Strike 0-1: Swinging Strike 0-2: Ball 1-2: Foul Ball, location: 2F 1-2: Fly out, F7 (Flyball, 7D) Runner from 3rd tags up, SCORES, no throw
|
Batting: RHB Jorge Morales
|
0-0: Called Strike 0-1: Fly out, F9 (Flyball, 89M)
|
Top of the 2nd over - 1 run(s), 2 hit(s), 0 error(s), 2 left on base; Westwood 1 - Ottawa 1 |
BOTTOM OF THE 2ND |
Ottawa Nationals batting - Pitching for Westwood Sixshooters : RHP Bryan Boyd
|
Batting: RHB Paddy Hodnett
|
0-0: Fly out, F4 (Popup, 4D)
|
Batting: RHB Howard Fewell
|
0-0: Ball 1-0: TRIPLE (Flyball, 78XD)
|
Batting: RHB Dan Curtis
|
0-0: Foul Ball, location: 2F 0-1: Ball 1-1: Foul Ball, location: 2F 1-2: DOUBLE (Line Drive, 7LM) Howard Fewell scores
|
Batting: LHB Javier Hernández
|
0-0: Foul Ball, location: 2F 0-1: Ball 1-1: Foul Ball, location: 2F 1-2: Ground out 4-3 (Groundball, 4M) Dan Curtis to third
|
Batting: RHB Michael Peterson
|
0-0: Called Strike 0-1: Swinging Strike 0-2: Ball 1-2: Fly out, F3 (Popup, 3F)
|
Bottom of the 2nd over - 1 run(s), 2 hit(s), 0 error(s), 1 left on base; Westwood 1 - Ottawa 2 |
TOP OF THE 3RD |
Westwood Sixshooters batting - Pitching for Ottawa Nationals : RHP Pedro Romero
|
Batting: RHB Jason Boyer
|
0-0: Called Strike 0-1: Foul Ball, location: 2F 0-2: SINGLE (Groundball, 56D)
|
Batting: LHB Davis Mills
|
0-0: Called Strike 0-1: Ball 1-1: Foul Ball, location: 2F 1-2: Fly out, F3 (Popup, 34S)
|
Batting: LHB José Martínez
|
0-0: Ball 1-0: Ball 2-0: Called Strike 2-1: SINGLE (Line Drive, 34D) Jason Boyer to second
|
Batting: SHB Arnold Smith
|
0-0: Foul Ball, location: 2F 0-1: Ball 1-1: Called Strike 1-2: Foul Ball, location: 2F 1-2: Fly out, F6 (Line Drive, 6)
|
Batting: RHB Richard Hicks
|
0-0: Ball 1-0: Called Strike 1-1: Called Strike 1-2: Foul Ball, location: 2F 1-2: Ground out 5-3 (Groundball, 15S)
|
Top of the 3rd over - 0 run(s), 2 hit(s), 0 error(s), 2 left on base; Westwood 1 - Ottawa 2 |
BOTTOM OF THE 3RD |
Ottawa Nationals batting - Pitching for Westwood Sixshooters : RHP Bryan Boyd
|
Batting: RHB Barry Welch
|
0-0: Swinging Strike 0-1: Ground out 6-3 (Groundball, 6)
|
Batting: RHB Jesús Soto
|
0-0: Foul Ball, location: 2F 0-1: Ground out U3 (Groundball, 3S)
|
Batting: RHB EP Weston
|
0-0: Called Strike 0-1: SINGLE (Popup, 8RS)
|
Batting: RHB Dan Holliday
|
0-0: Ball 1-0: Ball 2-0: Fly out, F9 (Flyball, 9M)
|
Bottom of the 3rd over - 0 run(s), 1 hit(s), 0 error(s), 1 left on base; Westwood 1 - Ottawa 2 |
TOP OF THE 4TH |
Westwood Sixshooters batting - Pitching for Ottawa Nationals : RHP Pedro Romero
|
Batting: RHB Winston Sparks
|
0-0: Ball 1-0: Ball 2-0: Ball 3-0: Called Strike 3-1: Fly out, F8 (Flyball, 8LM)
|
Batting: RHB Nelson Abbey
|
0-0: Swinging Strike 0-1: Ball 1-1: Called Strike 1-2: Fly out, F7 (Flyball, 78XD)
|
Batting: RHB Pedro Cortés
|
0-0: Fly out, F8 (Flyball, 8LM)
|
Top of the 4th over - 0 run(s), 0 hit(s), 0 error(s), 0 left on base; Westwood 1 - Ottawa 2 |
BOTTOM OF THE 4TH |
Ottawa Nationals batting - Pitching for Westwood Sixshooters : RHP Bryan Boyd
|
Batting: RHB Paddy Hodnett
|
0-0: Ball 1-0: SINGLE (Groundball, 4M)
|
Batting: RHB Howard Fewell
|
0-0: Ball 1-0: Fly out, F9 (Line Drive, 89M)
|
Batting: RHB Dan Curtis
|
0-0: Called Strike 0-1: Ball 1-1: Grounds into double play, 4-6-3 (Groundball, 4)
|
Bottom of the 4th over - 0 run(s), 1 hit(s), 0 error(s), 0 left on base; Westwood 1 - Ottawa 2 |
TOP OF THE 5TH |
Westwood Sixshooters batting - Pitching for Ottawa Nationals : RHP Pedro Romero
|
Batting: RHB Jorge Morales
|
0-0: Foul Ball, location: 2F 0-1: Fly out, F8 (Flyball, 8LM)
|
Batting: RHB Jason Boyer
|
0-0: Foul Ball, location: 2F 0-1: Hit by Pitch
|
Batting: LHB Davis Mills
|
0-0: Ball Jason Boyer is caught stealing 2nd base 1-0: Ball 2-0: Called Strike 2-1: Foul Ball, location: 2F 2-2: Strikes out swinging
|
Top of the 5th over - 0 run(s), 0 hit(s), 0 error(s), 0 left on base; Westwood 1 - Ottawa 2 |
BOTTOM OF THE 5TH |
Ottawa Nationals batting - Pitching for Westwood Sixshooters : RHP Bryan Boyd
|
Batting: LHB Javier Hernández
|
0-0: Ball 1-0: Foul Ball, location: 2F 1-1: Hit by Pitch
|
Batting: RHB Michael Peterson
|
0-0: Sac Bunt - play at first, batter OUT! 1-3 Javier Hernández to second
|
Batting: RHB Barry Welch
|
0-0: Ball 1-0: Swinging Strike 1-1: Foul Ball, location: 2F 1-2: Fly out, F7 (Line Drive, 7M)
|
Batting: RHB Jesús Soto
|
0-0: Fly out, F9 (Flyball, 89D)
|
Bottom of the 5th over - 0 run(s), 0 hit(s), 0 error(s), 1 left on base; Westwood 1 - Ottawa 2 |
TOP OF THE 6TH |
Westwood Sixshooters batting - Pitching for Ottawa Nationals : RHP Pedro Romero
|
Batting: LHB José Martínez
|
0-0: Ball 1-0: Foul Ball, location: 2F 1-1: Foul Ball, location: 2F 1-2: Foul Ball, location: 2F 1-2: Foul Ball, location: 2F 1-2: Ball 2-2: Foul Ball, location: 2F 2-2: Foul Ball, location: 2F 2-2: Fly out, F7 (Flyball, 7LM)
|
Batting: SHB Arnold Smith
|
0-0: Foul Ball, location: 2F 0-1: Called Strike 0-2: Ball 1-2: Ball 2-2: Foul Ball, location: 2F 2-2: Ground out 4-3 (Groundball, 13)
|
Batting: RHB Richard Hicks
|
0-0: Called Strike 0-1: Foul Ball, location: 2F 0-2: Strikes out swinging
|
Top of the 6th over - 0 run(s), 0 hit(s), 0 error(s), 0 left on base; Westwood 1 - Ottawa 2 |
BOTTOM OF THE 6TH |
Ottawa Nationals batting - Pitching for Westwood Sixshooters : RHP Bryan Boyd
|
Batting: RHB EP Weston
|
0-0: Called Strike 0-1: Foul Ball, location: 2F 0-2: Fly out, F6 (Popup, 6D)
|
Batting: RHB Dan Holliday
|
0-0: Foul Ball, location: 2F 0-1: Ball 1-1: Foul Ball, location: 2F 1-2: Fly out, F9 (Flyball, 89M)
|
Batting: RHB Paddy Hodnett
|
0-0: Swinging Strike 0-1: Foul Ball, location: 2F 0-2: Ball 1-2: Foul Ball, location: 2F 1-2: Strikes out swinging
|
Bottom of the 6th over - 0 run(s), 0 hit(s), 0 error(s), 0 left on base; Westwood 1 - Ottawa 2 |
TOP OF THE 7TH |
Westwood Sixshooters batting - Pitching for Ottawa Nationals : RHP Pedro Romero
|
Batting: RHB Winston Sparks
|
0-0: Called Strike 0-1: Foul Ball, location: 2F 0-2: Ball 1-2: Foul Ball, location: 2F 1-2: DOUBLE (Groundball, 5D)
|
Pitching: RHP Bob Reece
|
|
Batting: RHB Nelson Abbey
|
0-0: Called Strike 0-1: SINGLE (Groundball, 56) Winston Sparks to third
|
Pinch Hitting: RHB Barnett Armstrong
|
0-0: Called Strike 0-1: Foul Ball, location: 2F 0-2: Ball 1-2: Foul Ball, location: 2F 1-2: Ball 2-2: SINGLE (Line Drive, 6MD) Winston Sparks scores Nelson Abbey to second Runner from 2nd tries for 3rd, SAFE, throw made to third Barnett Armstrong to second
|
Batting: RHB Jorge Morales
|
0-0: Ball 1-0: Ball 2-0: Swinging Strike 2-1: Ball 3-1: DOUBLE (Line Drive, 3L) Nelson Abbey scores Barnett Armstrong scores
|
Batting: RHB Jason Boyer
|
0-0: Called Strike 0-1: Ball 1-1: Foul Ball, location: 2F 1-2: Foul Ball, location: 2F 1-2: Foul Ball, location: 2F 1-2: Ground out 1-3 (Groundball, 15)
|
Batting: LHB Davis Mills
|
0-0: Fly out, F7 (Flyball, 7M)
|
Batting: LHB José Martínez
|
0-0: Ball 1-0: Ball 2-0: Foul Ball, location: 2F 2-1: Called Strike 2-2: Strikes out looking
|
Top of the 7th over - 3 run(s), 4 hit(s), 0 error(s), 1 left on base; Westwood 4 - Ottawa 2 |
BOTTOM OF THE 7TH |
Ottawa Nationals batting - Pitching for Westwood Sixshooters : RHP Bryan Boyd
|
Now at SS: Barnett Armstrong
|
|
Batting: RHB Howard Fewell
|
0-0: SOLO HOME RUN (Flyball, 7LD), Distance : 342 ft
|
Batting: RHB Dan Curtis
|
0-0: Ball 1-0: Ball 2-0: Called Strike 2-1: Swinging Strike 2-2: Ball 3-2: Strikes out swinging
|
Batting: LHB Javier Hernández
|
0-0: Ball 1-0: Called Strike 1-1: Ball 2-1: SINGLE (Groundball, 6)
|
Pitching: RHP Alfredo Hernández
|
|
Batting: RHB Michael Peterson
|
0-0: Foul Ball, location: 2F 0-1: Ground out 4-3 (Groundball, 4M) Javier Hernández to second
|
Batting: RHB Barry Welch
|
0-0: DOUBLE (Flyball, 78XD) Javier Hernández scores
|
Batting: RHB Jesús Soto
|
0-0: Called Strike 0-1: Foul Ball, location: 2F 0-2: Ball 1-2: Strikes out swinging
|
Bottom of the 7th over - 2 run(s), 3 hit(s), 0 error(s), 1 left on base; Westwood 4 - Ottawa 4 |
TOP OF THE 8TH |
Westwood Sixshooters batting - Pitching for Ottawa Nationals : RHP Bob Reece
|
Pinch Hitting: RHB José Carlos Pérez
|
0-0: Ball 1-0: Foul Ball, location: 2F 1-1: Ball 2-1: Foul Ball, location: 2F 2-2: Ball 3-2: Foul Ball, location: 2F 3-2: Foul Ball, location: 2F 3-2: Base on Balls
|
Batting: RHB Richard Hicks
|
0-0: Swinging Strike 0-1: Called Strike 0-2: Fly out, F9 (Flyball, 89S)
|
Pinch Hitting: SHB Bob Rogers
|
0-0: Called Strike 0-1: Ball 1-1: Foul Ball, location: 2F 1-2: Fly out, F8 (Flyball, 8RD)
|
Pinch Hitting: RHB David McJannett
|
0-0: Ball 1-0: Ground out 6-3 (Groundball, 6)
|
Top of the 8th over - 0 run(s), 0 hit(s), 0 error(s), 1 left on base; Westwood 4 - Ottawa 4 |
BOTTOM OF THE 8TH |
Ottawa Nationals batting - Pitching for Westwood Sixshooters : RHP Alfredo Hernández
|
Now at 1B: Bert Motevassel
|
|
Now at 2B: David McJannett
|
|
Now in CF: Bob Rogers
|
|
Batting: RHB EP Weston
|
0-0: Called Strike 0-1: Ball 1-1: Ball 2-1: DOUBLE (Flyball, 9D)
|
Batting: RHB Dan Holliday
|
0-0: Foul Ball, location: 2F 0-1: Ground out 4-3 (Groundball, 4M) EP Weston to third
|
Batting: RHB Paddy Hodnett
|
0-0: Intentional Walk
|
Pinch Hitting: RHB Felipe Gonzáles
|
0-0: Called Strike 0-1: Foul Ball, location: 2F 0-2: Ball 1-2: Ball 2-2: Foul Ball, location: 2F 2-2: Foul Ball, location: 2F 2-2: Grounds into double play, 1-6-3 (Groundball, 13)
|
Bottom of the 8th over - 0 run(s), 1 hit(s), 0 error(s), 1 left on base; Westwood 4 - Ottawa 4 |
TOP OF THE 9TH |
Westwood Sixshooters batting - Pitching for Ottawa Nationals : RHP Bob Reece
|
Pitching: RHP Ralph Ogstoun
|
|
Now in LF: Louis Espinosa
|
|
Batting: RHB Barnett Armstrong
|
0-0: Ball 1-0: Ball 2-0: Called Strike 2-1: Called Strike 2-2: Ball 3-2: Strikes out looking
|
Batting: RHB Jorge Morales
|
0-0: Ball 1-0: SINGLE (Flyball, 8LS)
|
Batting: RHB Jason Boyer
|
0-0: Called Strike 0-1: Ball 1-1: DOUBLE (Line Drive, 78S) Jorge Morales to third
|
Batting: LHB Davis Mills
|
0-0: Foul Ball, location: 2F 0-1: Foul Ball, location: 2F 0-2: Foul Ball, location: 2F 0-2: Ball 1-2: Foul Ball, location: 2F 1-2: Ground out 6-3 (Groundball, 6)
|
Batting: LHB José Martínez
|
0-0: Foul Ball, location: 2F 0-1: Ball 1-1: Foul Ball, location: 2F 1-2: SINGLE (Groundball, 34D) Jorge Morales scores Jason Boyer to third Runner from 3rd tries for Home, SAFE, no throw or cutoff
|
Batting: RHB Bert Motevassel
|
0-0: Fly out, F7 (Flyball, 78S)
|
Top of the 9th over - 2 run(s), 3 hit(s), 0 error(s), 1 left on base; Westwood 6 - Ottawa 4 |
BOTTOM OF THE 9TH |
Ottawa Nationals batting - Pitching for Westwood Sixshooters : RHP Alfredo Hernández
|
Pitching: RHP Ed Taylor
|
|
Batting: RHB Dan Curtis
|
0-0: Called Strike 0-1: SINGLE (Groundball, 5)
|
Batting: LHB Javier Hernández
|
0-0: Ball 1-0: Ball 2-0: Ball 3-0: Called Strike 3-1: Called Strike 3-2: DOUBLE (Line Drive, 78XD) Dan Curtis to third Runner from 3rd tries for Home, SAFE, no throw or cutoff
|
Batting: RHB Michael Peterson
|
0-0: Ball 1-0: SINGLE (Flyball, 78M) Javier Hernández to third
|
Batting: RHB Barry Welch
|
Single, Error in OF, E9, batter to second base Javier Hernández scores Michael Peterson to third
|
Batting: RHB Jesús Soto
|
0-0: Swinging Strike 0-1: Ball 1-1: Called Strike 1-2: Foul Ball, location: 2F 1-2: Foul Ball, location: 2F 1-2: Ball 2-2: Foul Ball, location: 2F 2-2: Foul Ball, location: 2F 2-2: Fly out, F3 (Popup, 3DF)
|
Batting: RHB EP Weston
|
0-0: Intentional Walk
|
Batting: RHB Dan Holliday
|
0-0: Fly out, F9 (Flyball, 89M) Runner from 3rd tags up, SCORES, no throw
|
|